 Dungeon Crawl Stone Soup version 0.25-a0-591-g2ad0d861f1 (webtiles) character file.

Game seed: 18413298362599452839, levelgen mode: deterministic

1339 Lauz the Spear-Bearer (level 8, 0/62 HPs)
             Began as a Merfolk Gladiator on Mar 14, 2020.
             Was a Follower of Okawaru.
             Slain by an orc warrior
             ... wielding a +0 war axe
              (17 damage)
             ... on level 6 of the Dungeon.
             The game lasted 00:20:56 (7059 turns).

Lauz the Spear-Bearer (Merfolk Gladiator)           Turns: 7059, Time: 00:20:56

Health: 0/62       AC:  6    Str: 15    XL:     8   Next: 61%
Magic:  11/11      EV: 15    Int:  8    God:    Okawaru [*.....]
Gold:   314        SH:  0    Dex: 16    Spells: 12/12 levels left

rFire    . . .     SeeInvis .   a - +0 trident
rCold    + . .     Gourm    .   (no shield)
rNeg     . . .     Faith    .   b - +1 leather armour
rPois    .         Spirit   .   c - +0 helmet
rElec    .         Reflect  .   (no cloak)
rCorr    .         Harm     .   r - +0 pair of gloves
MR       .....                  (no boots)
Stlth    +.........             (no amulet)
HPRegen  0.20/turn              l - ring of protection from cold
MPRegen  0.12/turn              (no ring)

@: no status effects
A: change form in water, swift swim, stealthy swim
a: Heroism, Renounce Religion


You were on level 6 of the Dungeon.
You worshipped Okawaru.
Okawaru was aware of your devotion.
You were not hungry.

You visited 2 branches of the dungeon, and saw 8 of its levels.

You collected 314 gold pieces.

Inventory:

Hand Weapons
 a - a +0 trident (weapon)
 j - a +1 vorpal spear
Missiles
 d - 3 throwing nets (quivered)
Armour
 b - a +1 leather armour (worn)
 c - a +0 helmet (worn)
 r - a +0 pair of gloves (worn)
Jewellery
 l - a ring of protection from cold (left hand)
 w - an uncursed amulet of harm
Wands
 v - a wand of scattershot (6)
Scrolls
 h - 7 scrolls of remove curse
 m - 4 scrolls of identify
 n - 2 scrolls of enchant armour
 o - a scroll of blinking
 p - a scroll of enchant weapon {unknown}
 u - 3 scrolls of teleportation {unknown}
 x - a scroll of random uselessness {unknown}
 y - a scroll of immolation {unknown}
 C - a scroll of magic mapping {unknown}
Potions
 e - 3 potions of curing {unknown}
 g - a potion of invisibility
 i - 3 potions of lignification
 k - a potion of haste {unknown}
 q - a potion of berserk rage {unknown}
 s - 4 potions of stabbing {unknown}
 t - 3 potions of flight {unknown}
 z - a potion of brilliance {unknown}
 A - a potion of heal wounds
Comestibles
 f - 11 rations


   Skills:
 + Level 5.2 Fighting
 + Level 11.7 Polearms
 + Level 2.2 Throwing
 + Level 6.1 Dodging
 * Level 2.5 Spellcasting


You had 12 spell levels left.
You didn't know any spells.
Your spell library contained the following spells:

 Spells                   Type           Power        Failure   Level  Hunger
 Corona                   Hex            #......      38%         1    ##.....
 Ensorcelled Hibernation  Hex/Ice        #.....       54%         2    ###....
 Confusing Touch          Hex            #.......     77%         3    ####...
 Dazzling Flash           Conj/Hex       #.....       77%         3    ####...
 Tukima's Dance           Hex            #.......     77%         3    ####...


Dungeon Overview and Level Annotations

Branches:
Dungeon (7/15)             Temple (1/1) D:6

Altars:
Ashenzari
Cheibriados
Dithmenos
Elyvilon
Fedhas
Gozag
Hepliaklqana
Kikubaaqudgha
Makhleb
Nemelex Xobeh
Okawaru
Qazlal
Ru
Sif Muna
Trog
Uskayaw
Vehumet
Wu Jian
Xom
Yredelemnul
Zin
The Shining One

Shops:
D:6 [


Message History

You hit the orc warrior but do no damage.
The orc warrior is heavily wounded.
The orc warrior hits you with a +0 war axe!
* * * LOW HITPOINT WARNING * * *
What are your orders? t - Shout!
Orders for allies: a - Attack new target. r - Retreat! s - Stop attacking. g - Guard the area. f - Follow me.
Anything else - Cancel.
Okay, then.
Take off which item? (? for menu, Esc to quit)
Okay, then.
Throwing (i - inventory)
d - 4 throwing nets (quivered)
Press: ? - help, Shift-Dir - straight line, f - orc warrior
Aim: an orc warrior, wielding a +0 war axe and wearing a +0 plate armour (heavily wounded)
You throw a throwing net.
The throwing net closely misses the orc warrior.
The orc warrior hits you with a +0 war axe!
You die...

#..#################
#.#..### ##.#....### ##
#.........## .#
#..........## .#
##..........(# ### ##
#............# ##.# #
#...........o# ##..# #
##...........@####.).#
#
#.............##...###
####.............#...##
..#.............#..###
##.#..........##.###
#####..########## ####


You could see an orc warrior.

Vanquished Creatures
  An ice beast (D:6)
  A centaur (D:6)
  2 bullfrogs (D:6)
  A gnoll sergeant (D:6)
  2 howler monkeys
  A crimson imp (D:5)
  2 hounds
  2 orc wizards
  3 orc priests
  Jessica (D:2)
  2 bullfrog skeletons
  2 iguanas
  Natasha (thrice) (D:2)
  5 worker ants
  A hound skeleton (D:5)
  2 worker ant zombies (D:6)
  Robin (D:2)
  8 gnolls
  9 adders
  3 oozes
  An adder skeleton (D:4)
  3 worms
  2 dart slugs
  A leopard gecko (D:4)
  13 orcs
  2 ball pythons
  3 bats
  A giant cockroach (D:4)
  14 hobgoblins
  7 kobolds
  6 quokkas
  2 frilled lizards
  18 goblins
  5 rats
130 creatures vanquished.

Notes
Turn   | Place    | Note
-------+----------+-------------------------------------------
     0 | D:1      | Lauz the Merfolk Gladiator began the quest for the Orb.
     0 | D:1      | Reached XP level 1. HP: 16/16 MP: 1/1
   381 | D:1      | Reached XP level 2. HP: 22/22 MP: 2/2
   536 | D:1      | Reached skill level 5 in Polearms
   885 | D:2      | Noticed Natasha
   889 | D:2      | Noticed a crimson imp
   893 | D:2      | Killed Natasha
   893 | D:2      | Reached XP level 3. HP: 21/28 MP: 3/3
  1031 | D:1      | Reached XP level 4. HP: 24/34 MP: 4/4
  1144 | D:2      | Reached skill level 6 in Polearms
  1264 | D:2      | Noticed Robin
  1335 | D:2      | Killed Robin
  1528 | D:2      | Reached XP level 5. HP: 34/39 MP: 5/5
  1637 | D:2      | Noticed Natasha
  1670 | D:1      | Reached skill level 7 in Polearms
  1808 | D:2      | Killed Natasha
  1808 | D:2      | Reached skill level 5 in Dodging
  1975 | D:2      | Noticed Natasha
  1983 | D:2      | Killed Natasha
  2315 | D:2      | Found an opulent altar of Gozag.
  2316 | D:2      | Noticed Jessica
  2326 | D:2      | Killed Jessica
  2539 | D:3      | Reached skill level 8 in Polearms
  2539 | D:3      | Reached XP level 6. HP: 47/47 MP: 6/6
  3269 | D:4      | Reached skill level 9 in Polearms
  3302 | D:4      | Reached XP level 7. HP: 43/52 MP: 7/7
  3852 | D:5      | Entered Level 5 of the Dungeon
  4410 | D:5      | Reached skill level 10 in Polearms
  4509 | D:5      | Reached skill level 1 in Spellcasting
  4702 | D:6      | Found a staircase to the Ecumenical Temple.
  4729 | Temple   | Entered the Ecumenical Temple
  4770 | Temple   | Became a worshipper of Warmaster Okawaru
  5457 | D:5      | Reached XP level 8. HP: 61/61 MP: 10/10
  5854 | D:6      | Reached skill level 11 in Polearms
  6027 | D:6      | Found Dinir's Armour Boutique.
  6181 | D:6      | Found an ornate altar of the Wu Jian Council.
  6568 | D:5      | Reached * piety under Okawaru
  6568 | D:5      | Reached skill level 5 in Fighting
  7059 | D:6      | Slain by an orc warrior

Levels and vault maps discovered:
D:1:      wander_arrival_desolate, layout_basic
D:2:      layout_basic, first_ration,
          nicolae_gozag_cash_rules_everything_around_me, uniq_robin,
          uniq_natasha, uniq_jessica
D:3:      layout_rooms
D:4:      layout_loops_ring
D:5:      layout_basic
D:6:      layout_cave_pods, kennysheep_mini_moat, temple_fountains,
          kennysheep_small_circle
D:7:      layout_layer_cave
Temple:   kilobyte_greek_temple

Skill      XL: |  1  2  3  4  5  6  7  8 |
---------------+-------------------------+-----
Polearms       | 5 6 8 9 10 11 | 11.7
Dodging        | 5 6 |  6.1
Fighting       | 3 4 5 |  5.2
Spellcasting   | 1 2 |  2.5
Throwing       | |  2.2

Action                   |  1- 3 |  4- 6 |  7- 9 || total
-------------------------+-------+-------+-------++-------
Melee: Trident           |    70 |   225 |   268 ||   563
Throw: Throwing net      |       |       |     1 ||     1
  Use: Scroll            |       |     3 |     2 ||     5
       Potion            |       |     1 |       ||     1
 Stab: Sleeping          |     2 |       |       ||     2
       Distracted        |       |     1 |       ||     1
  Eat: Chunk             |       |     8 |     8 ||    16
       Ration            |       |       |     1 ||     1
Armor: Leather armour    |     5 |    28 |    34 ||    67
Dodge: Dodged            |    26 |    93 |   127 ||   246

Table legend:
 A = Non-vault XP
 B = Vault XP
 C = Vault XP percentage of total XP
 D = Non-vault monster count
 E = Vault monster count
 F = Vault count percentage of total count
                 A         B        C        D         E       F
            +---------+---------+-------+---------+---------+-------
      Total |    1679 |     234 |  12.2 |     113 |      17 |  13.1
            +---------+---------+-------+---------+---------+-------
        D:1 |      42 |       0 |   0.0 |      16 |       0 |   0.0
        D:2 |     147 |     111 |  43.0 |      21 |      15 |  41.7
        D:3 |     202 |       0 |   0.0 |      27 |       0 |   0.0
        D:4 |     230 |       0 |   0.0 |      11 |       0 |   0.0
        D:5 |     377 |       0 |   0.0 |      16 |       0 |   0.0
        D:6 |     678 |     123 |  15.4 |      21 |       2 |   8.7
        D:7 |       3 |       0 |   0.0 |       1 |       0 |   0.0
            +---------+---------+-------+---------+---------+-------
